 Dungeon Crawl Stone Soup version 0.31-a0-1-g4198be8af4 (webtiles) character file.

Game seed: 12655307567448201629

98 Pimp the Covered (level 4, 0/29 HPs)
             Began as a Gargoyle Fighter on May 1, 2023.
             Killed by divine providence
             ... invoked by an orc priest
              (11 damage)
             ... on level 3 of the Dungeon.
             The game lasted 00:02:40 (1830 turns).

Pimp the Covered (Gargoyle Fighter)                 Turns: 1830, Time: 00:02:41

Health: 0/29       AC: 10    Str: 21    XL:     4   Next: 71%
Magic:  4/4        EV:  9    Int:  9    God:
Gold:   105        SH:  4    Dex:  9    Spells: 3/3 levels left

rFire   . . .        a - +0 war axe
rCold   . . .        c - +0 buckler
rNeg    + . .        b - +0 scale mail
rPois   ∞            (no helmet)
rElec   +            (no cloak)
rCorr   .            (no gloves)
SInv    .            (no boots)
Will    .....        (no amulet) Stlth
                     (no ring)
HPRegen 0.24/turn    (no ring)
MPRegen 0.09/turn

%: no passive effects
@: no status effects
A: sickness immunity, AC +3, negative energy resistance 1, electricity
resistance, torment resistance 1, petrification resistance
a: no special abilities


You were on level 3 of the Dungeon.
You visited 1 branch of the dungeon, and saw 3 of its levels.

You collected 105 gold pieces.

Inventory:

Hand Weapons
 a - a +0 war axe (weapon)
Armour
 b - a +0 scale mail (worn)
 c - a +0 buckler (worn)
Scrolls
 e - a scroll of identify
 f - a scroll of amnesia
Potions
 d - a potion of might
 g - a potion of invisibility
 h - a potion of curing {unknown}
 i - 2 potions of attraction {unknown}
 k - a potion of heal wounds {unknown}
 l - 3 potions of brilliance {unknown}
 m - a potion of ambrosia {unknown}


   Skills:
 + Level 4.0 Fighting
 + Level 2.6 Axes
 + Level 4.0 Armour
 + Level 4.0 Shields


You had 3 spell levels left.
You didn't know any spells.
Your spell library contained the following spells:

 Spells                   Type           Power      Damage    Failure   Level
 Kiss of Death            Conj/Necr      0%         2d5       78%         1
 Sting                    Tmut/Pois      0%         1d3       78%         1
 Poisonous Vapours        Pois/Air       0%         N/A       89%         2
 Confusing Touch          Hex            0%         N/A       98%         3
 Dispel Undead            Necr           0%         3d6       100%        4
 Olgreb's Toxic Radiance  Pois           0%         N/A       100%        4


Dungeon Overview and Level Annotations

Branches:
Dungeon (3/15)

Altars:


Innate Abilities, Weirdness & Mutations

You are immune to sickness and miasma.
Your stone body is resilient. (AC +3)
You are immune to poison.
You resist negative energy. (rN+)
You are resistant to electric shocks. (rElec)
You are resistant to unholy torment.
You are immune to petrification.


Message History

There is a stone staircase leading up here.
Found a leather armour.
n - a scroll labelled JODDEKL LUBB
There is an escape hatch in the floor here.
An orc comes into view. It is wielding a +0 flail.
An orc is nearby!
An orc is nearby!
An orc wizard, an orc and an orc priest come into view.
Found a falchion.
The orc wizard shouts!
The orc shouts!
The orc priest shouts!
You hear a shout!
The orc wizard points at you and mumbles some strange words.
The magic dart hits you but does no damage.
An orc comes into view. It is wielding a +0 dagger.
An orc comes into view. It is wielding a +1 whip of holy wrath.
As you read the scroll labelled XEUPNAJOTT, it crumbles to dust.
It is a scroll of identify.
g - a potion of invisibility The orc shouts! x2
As you read the scroll labelled RYOTTAH VAUDOO, it crumbles to dust.
The creatures around you are filled with an inner flame!
It was a scroll of immolation.
An orc comes into view. It is wielding a +0 hand axe.
An orc comes into view. It is wielding a +0 club.
The orc hits you but does no damage.
The air fills with toxic fumes!
As you read the scroll labelled JODDEKL LUBB, it crumbles to dust.
It was a scroll of poison.
The orc barely misses you. The orc attacks as you move away!
The orc closely misses you.
There is an escape hatch in the floor here.
The orc priest invokes the aid of Beogh against you.
Beogh smites you!
Found 11 gold pieces.
The orc wizard casts a spell at you. The puff of flame hits you!
You see here 11 gold pieces.
You now have 105 gold pieces (gained 11).
The orc wizard's inner flame fades away.
The orc priest mumbles some strange prayers to Beogh against you.
Beogh smites you!
You die...

........# ........#
# ........# .
.......[# .#
........# .# .
>.##...## #.###.#
.#####.# ....... o#
#.#### ####.......
.#
#.o..####..@.......
.#
####o..o..##.......
.. #...#### .......
o#............#
.......
...#######.....#
....... .. .
###...# ....... ##
.. ............ #.
####........ ..


You could see an orc priest (inner flame) and an orc wizard.

Vanquished Creatures
  5 adders (D:2)
  2 dart slugs
  6 endoplasms
  2 giant cockroaches (D:1)
  2 goblins
  7 hobgoblins
  4 jackals
  3 kobolds
  4 quokkas
  2 ball pythons (D:1)
  2 bats (D:1)
  2 frilled lizards
  6 rats
47 creatures vanquished.

Vanquished Creatures (others)
  13 plants (D:2)
13 creatures vanquished.

Grand Total: 60 creatures vanquished

Notes
Turn   | Place    | Note
-------+----------+-------------------------------------------
     0 | D:1      | Pimp the Gargoyle Fighter began the quest for the Orb.
     0 | D:1      | Reached XP level 1. HP: 14/14 MP: 1/1
   168 | D:1      | Reached XP level 2. HP: 19/19 MP: 2/2
   321 | D:1      | Found a faded altar of an unknown god.
   434 | D:1      | Reached XP level 3. HP: 23/23 MP: 3/3
  1057 | D:2      | Reached XP level 4. HP: 23/29 MP: 4/4
  1830 | D:3      | Killed from afar by an orc priest

Illustrated notes

Levels and vault maps discovered:
D:1:      psy_arrival_radial02, layout_loops_ring, ebering_ecumenical_altar_box,
          columned_hall_lemuel, minmay_misc_feat_roman
D:2:      layout_loops_ring, chequers_avenue, chequers_big_river,
          amcnicky_mini_pool_small
D:3:      layout_rooms, mainiacjoe_overflow_divided_tiny,
          pf_guarded_unrand_delatra, uniq_terence, uniq_sigmund

Skill      XL: |  1  2  3  4 |
---------------+-------------+-----
Axes           | 2 |  2.6
Fighting       | 4 |  4.0
Armour         | 4 |  4.0
Shields        | 4 |  4.0

Action                     |  1- 3 |  4- 6 || total
---------------------------+-------+-------++-------
  Melee: War axe           |    92 |    32 ||   124
    Use: Scroll            |     4 |     3 ||     7
 Armour: Scale mail        |    76 |    21 ||    97
  Dodge: Dodged            |    67 |    23 ||    90
  Block: Buckler           |    36 |     7 ||    43

Table legend: (Time is in decaauts)
 A = Elapsed time spent in this place.
 B = Non-inter-level travel time spent in this place.
 C = Inter-level travel time spent in this place.
 D = Time resting spent in this place.
 E = Time spent auto-exploring this place.
 F = Levels seen in this place.
 G = Mean time per level.
                   A        B        C        D        E       F      G
               +--------+--------+--------+--------+--------+-----+--------+
         Total |   1903 |   1868 |     35 |      5 |   1409 |   3 |  634.3 |
       Dungeon |   1903 |   1868 |     35 |      5 |   1409 |   3 |  634.3 |
               +--------+--------+--------+--------+--------+-----+--------+

Top non-repeatable levels by time:
     D:2: 1000 daAuts
     D:1: 852 daAuts
     D:3: 49 daAuts
